 Dungeon Crawl Stone Soup version 0.29-a0-1009-g60c99734e7 (webtiles) character file.

Game seed: 13800172133296834118

100 Manisian the Sneak (level 4, -5/21 HPs)
             Began as a Spriggan Enchanter on Aug 8, 2022.
             Killed by nerve-wracking pain
             ... invoked by a shadow imp
             ... summoned by Eustachio
              (14 damage)
             ... on level 4 of the Dungeon.
             The game lasted 00:06:30 (3664 turns).

Manisian the Sneak (Spriggan Enchanter)             Turns: 3664, Time: 00:06:33

Health: -5/21      AC:  9    Str:  4    XL:     4   Next: 47%
Magic:  2/9        EV: 17    Int: 18    God:
Gold:   163        SH:  0    Dex: 15    Spells: 0/8 levels left

rFire   . . .      SeeInvis +   l - +2 dagger (protect)
rCold   . . .      Faith    .   (no shield)
rNeg    . . .      Spirit   .   b - +0 robe
rPois   .          Reflect  .   (helmet restricted)
rElec   .          Harm     .   (no cloak)
rCorr   .          Rampage  .   (gloves unavailable)
Will    .....                   (boots unavailable)
Stlth   +++.......              (no amulet)
HPRegen 0.07/turn               (no ring)
MPRegen 0.11/turn               (no ring)

@: under a protective aura, very quick
A: very small, no large weapons, unfitting armour, see invisible, speed 3
a: no special abilities


You were on level 4 of the Dungeon.
You visited 1 branch of the dungeon, and saw 4 of its levels.

You collected 163 gold pieces.

Inventory:

Hand Weapons
 a - a +1 dagger
 l - a +2 dagger of protection (weapon)
Armour
 b - a +0 robe (worn)
Jewellery
 f - a ring of magical power
 m - a ring of protection from fire
 o - a ring of ice
Scrolls
 d - 3 scrolls of amnesia
 e - a scroll of poison
Potions
 c - 2 potions of invisibility
 g - a potion of heal wounds {unknown}
 h - a potion of flight
 i - 2 potions of ambrosia
 j - 2 potions of haste {unknown}
 k - a potion of curing {unknown}
 n - a potion of mutation {unknown}


   Skills:
 + Level 0.7 Fighting
 + Level 2.1 Short Blades
 + Level 2.8 Dodging
 * Level 6.2 Stealth
 + Level 2.9 Spellcasting
 + Level 4.3 Hexes
 + Level 0.4 Ice Magic


You couldn't memorise any spells.
You knew the following spells:

 Your Spells              Type           Power      Damage    Failure   Level
a - Ensorcelled Hibernat  Hex/Ice        22%        N/A       10%         2
b - Tukima's Dance        Hex            18%        N/A       9%          3
c - Confusing Touch       Hex            18%        N/A       9%          3

Your spell library contained the following spells:

 Spells                   Type           Power      Damage    Failure   Level
 Apportation              Tloc           4%         N/A       17%         1
 Necrotise                Necr           8%         1d4       17%         1
 Summon Small Mammal      Summ           8%         N/A       17%         1
 Dazzling Flash           Conj/Hex       20%        N/A       21%         3


Dungeon Overview and Level Annotations

Branches:
Dungeon (4/15)
 Temple: D:4-7

Altars:
Xom
The Shining One

Annotations:
D:3 2 runed translucent doors, Valamore's ghost, amateur OgFE
D:4 Eustachio; Sigmund


Innate Abilities, Weirdness & Mutations

You are very small and have problems with some larger weapons.
You are too small for most types of armour.
You have supernaturally acute eyesight. (SInv)
You cover ground extremely quickly. (Speed+++)


Message History

The shadow imp hits you but does no damage.
You hit Eustachio but do no damage.
Eustachio is heavily wounded.
Eustachio hits you with a +0 rapier.
You hit Eustachio.
Eustachio is heavily wounded.
The shadow imp completely misses you. Eustachio closely misses you.
You barely miss Eustachio.
Eustachio is heavily wounded.
The shadow imp completely misses you.
Casting: Ensorcelled Hibernation (safe; 10% risk of failure)
Confirm with . or Enter, or press ? or * to list all spells.
Aiming: Ensorcelled Hibernation (safe; 10% risk of failure)
Press: ? - help, Shift-Dir - straight line, p - Eustachio
Okay, then.
You hit Eustachio.
Eustachio is severely wounded.
Eustachio closely misses you. The shadow imp completely misses you.
Casting: Ensorcelled Hibernation (safe; 10% risk of failure)
Confirm with . or Enter, or press ? or * to list all spells.
Aiming: Ensorcelled Hibernation (safe; 10% risk of failure)
Press: ? - help, Shift-Dir - straight line, f - you, p - Eustachio
Okay, then.
You hit Eustachio.
Eustachio is severely wounded.
Eustachio barely misses you. The shadow imp misses you.
You closely miss Eustachio.
Eustachio is severely wounded.
Eustachio casts a spell.
Eustachio blinks!
The shadow imp misses you.
Eustachio mumbles some strange words.
Eustachio blinks!
You see here a +0 morningstar.
You hit Eustachio but do no damage.
Eustachio is severely wounded.
Eustachio hits you with a +0 rapier. The shadow imp gestures at you.
Pain shoots through your body!
Ouch! That really hurt!
You die...

.
#..##...###
##.# #..
##....##
#..# #..#
##....##..#
....
##....#..#
....
#..<....#
##......#
##....ยง#
##.@..#
#.@..##
#.....#
##)5##.#
##..## ##
#..## #...#
...)##
#...## ##.#


You could see Eustachio and a shadow imp (summoned).

Vanquished Creatures
  3 adders
  A worm (D:2)
  2 dart slugs
  An orc (D:4)
  3 bats
  5 endoplasms
  3 giant cockroaches
  8 goblins
  3 hobgoblins
  4 jackals (D:1)
  7 kobolds
  2 quokkas
  5 ball pythons
  5 frilled lizards
  9 rats
61 creatures vanquished.

Notes
Turn   | Place    | Note
-------+----------+-------------------------------------------
     0 | D:1      | Manisian the Spriggan Enchanter began the quest for the
                  | Orb.
     0 | D:1      | Reached XP level 1. HP: 9/9 MP: 5/5
   280 | D:1      | Reached XP level 2. HP: 13/13 MP: 6/6
   288 | D:1      | Learned a level 2 spell: Ensorcelled Hibernation
   669 | D:1      | Reached skill level 5 in Stealth
  1094 | D:1      | Reached XP level 3. HP: 16/16 MP: 8/8
  1098 | D:1      | Learned a level 3 spell: Tukima's Dance
  2063 | D:2      | Reached skill level 6 in Stealth
  2063 | D:2      | Reached XP level 4. HP: 21/21 MP: 9/9
  2067 | D:2      | Learned a level 3 spell: Confusing Touch
  2322 | D:2      | Found a glowing golden altar of the Shining One.
  2473 | D:3      | Found a shimmering altar of Xom.
  3198 | D:3      | Found a large runed translucent door.
  3198 | D:3      | Found a large runed translucent door.
  3199 | D:3      | Noticed Valamore's ghost (amateur OgFE)
  3626 | D:4      | Noticed Sigmund
  3645 | D:4      | Noticed Eustachio
  3664 | D:4      | Killed from afar by a shadow imp

Illustrated notes

Levels and vault maps discovered:
D:1:      lemuel_arrival_cross, layout_loops_corners, minmay_rat_gold_closets
D:2:      layout_rooms, basic_altar
D:3:      layout_basic, mainiacjoe_overflow_boulevard,
          ebering_ghost_disaster_area, serial_bayou_crossing
D:4:      layout_layer_cave, nemelex_diamond_rough_becter, ashenzari_altar_1,
          uniq_natasha, uniq_edmund, uniq_blork_the_orc, uniq_sigmund,
          uniq_eustachio

Skill      XL: |  1  2  3  4 |
---------------+-------------+-----
Hexes          | 4 |  4.3
Stealth        | 5 6 |  6.2
Short Blades   | 2 |  2.1
Fighting       | |  0.7
Dodging        | |  2.8
Spellcasting   | |  2.9
Ice Magic      | |  0.4

Action                   |  1- 3 |  4- 6 || total
-------------------------+-------+-------++-------
Melee: Dagger            |    62 |    32 ||    94
       Punch             |     1 |       ||     1
 Cast: Ensorcelled Hiber |    37 |    30 ||    67
  Use: Scroll            |     5 |     4 ||     9
 Stab: Sleeping          |    33 |    19 ||    52
Armor: Robe              |     1 |     5 ||     6
Dodge: Dodged            |    36 |    20 ||    56

Table legend: (Time is in decaauts)
 A = Elapsed time spent in this place.
 B = Non-inter-level travel time spent in this place.
 C = Inter-level travel time spent in this place.
 D = Time resting spent in this place.
 E = Time spent auto-exploring this place.
 F = Levels seen in this place.
 G = Mean time per level.
                   A        B        C        D        E       F      G
               +--------+--------+--------+--------+--------+-----+--------+
         Total |   2803 |   2771 |     32 |    314 |   2061 |   4 |  700.8 |
       Dungeon |   2803 |   2771 |     32 |    314 |   2061 |   4 |  700.8 |
               +--------+--------+--------+--------+--------+-----+--------+

Top non-repeatable levels by time:
     D:1: 1269 daAuts
     D:3: 767 daAuts
     D:2: 720 daAuts
     D:4: 46 daAuts
